cohdb
Replays
Latest Replays
All Replays
Popular Replays
Top Player Replays
Match Explorer
How It Works
Community
CoH3 Stats
Reddit
Sign in to upload your games and track your stats! →
Sign in with Steam
Match 33120293
Unlisted
Match 33120293
Overview
Messages
Build Orders
End
Construct Barracks
Riflemen Squad
Riflemen Squad
Riflemen Squad
Grenade Package
Selects Advanced Infantry Battlegroup
Selects Convert to Ranger Squad
Convert to Ranger Squad
Infantry Support Center
Engineer Squad
Advanced Logistics
Convert to Ranger Squad
Selects Frontline Medical Station
Frontline Medical Station
Munitions Surplus
Survival Training
Construct Weapon Support Center
Improved M9 Bazooka Rockets
Riflemen Squad
Convert to Ranger Squad
Riflemen Squad
Selects Ranger Weapon Training
Captain Retinue
Selects Ammunition Storage
Selects M2A1 105mm Howitzer Emplacement
Convert to Ranger Squad
Ranger Squad
Bruistablet
Professor gibberish
LOLwhat2
ChunKee
Zippi
juand400
Fundirrancio
skopcak
0
0
Comments
sign in to comment!
No comments posted yet!